 Dungeon Crawl Stone Soup version 0.32-a0-975-g85d4e5bfdb (webtiles) character file.

Game seed: 153618820509468819

16039 jasper the Spear-Bearer (level 12, -4/92 HPs)
             Began as a Demonspawn Fighter on Apr 18, 2024.
             Was a High Priest of Yredelemnul.
             Slain by a cane toad (15 damage)
             ... on level 1 of the Lair of Beasts.
             The game lasted 00:17:38 (9891 turns).

jasper the Spear-Bearer (Demonspawn Fighter)        Turns: 9891, Time: 00:17:39

Health: -4/92      AC: 17    Str: 20    XL:     12   Next: 6%
Magic:  20/20      EV:  5    Int: 14    God:    Yredelemnul [*****.]
Gold:   513        SH:  5    Dex: 14    Spells: 11/11 levels left

rFire   + + +        k - +0 trident (heavy)
rCold   . . .        c - +0 buckler
rNeg    . . .        A - +0 plate armour
rPois   .            n - +0 helmet
rElec   .            M - +0 cloak {Will+}
rCorr   .            K - +1 pair of gloves of Exceptional Wonder {Rampage ^Drain Will+ SInv}
SInv    +            (no boots)
Will    ++...        C - amulet "Haub" {rF++ Regen+ Int+3} Stlth
                     r - ring of protection from fire
HPRegen 1.15/turn    D - +4 ring of slaying
MPRegen 0.17/turn

%: rampage
@: lethally poisoned (-4 -> -17), wreathed by umbra
A: thin skeletal structure 1, powered by death 2, spiny 1
a: Renounce Religion, Light the Black Torch, Recall Undead Harvest, Hurl
Torchlight, Bind Soul, Fathomless Shackles


You were on level 1 of the Lair of Beasts.
You worshipped Yredelemnul.
Yredelemnul was aware of your devotion.
You visited 2 branches of the dungeon, and saw 12 of its levels.
You also visited: Ossuary and Bailey.

You collected 1221 gold pieces.
You spent 708 gold pieces at shops.

Inventory:

Hand Weapons
 a - a +0 flail
 k - a +0 heavy trident (weapon)
 x - a +3 spear of venom
 L - a +2 trident of draining
Missiles
 f - 4 javelins (quivered)
 g - 103 stones
 p - 40 poisoned darts
 t - 10 boomerangs
 P - a curare-tipped dart
 Q - a throwing net
Armour
 b - a +0 scale mail
 c - a +0 buckler (worn)
 d - a +0 cloak
 j - a +0 chain mail
 n - a +0 helmet (worn)
 u - a +2 leather armour of fire resistance
 A - a +0 plate armour (worn)
 K - the +1 pair of gloves of Exceptional Wonder (worn) {Rampage ^Drain Will+ SInv}
   (You found it in a bailey)

   Will+:     It increases your willpower.
   SInv:      It lets you see invisible.
   ^Drain:    It drains your maximum health when unequipped.
   Rampage:   It bestows one free step when moving towards enemies.
 M - a +0 cloak of willpower (worn)
Jewellery
 r - a ring of protection from fire (left hand)
 s - a ring of wizardry
 C - the amulet "Haub" (around neck) {rF++ Regen+ Int+3}
   (You found it in a bailey)

   [amulet of regeneration]

   Int+3:     It affects your intelligence (+3).
   rF++:      It greatly protects you from fire.
   Regen+:    It increases your rate of health regeneration.
 D - a +4 ring of slaying (right hand)
 G - an amulet of regeneration
 R - an amulet of reflection
 T - a ring of see invisible
Wands
 w - a wand of mindburst (37)
 y - a wand of flame (43)
 I - a wand of quicksilver (14)
 S - a wand of digging (6)
Scrolls
 h - 5 scrolls of teleportation
 q - 4 scrolls of revelation
 E - 4 scrolls of poison
 N - a scroll of butterflies
 O - 2 scrolls of enchant weapon
Potions
 e - 3 potions of enlightenment
 i - 3 potions of attraction
 l - 2 potions of brilliance
 m - 2 potions of degeneration
 o - a potion of cancellation
 v - 3 potions of mutation
 z - 2 potions of magic
 B - 3 potions of curing
 F - a potion of berserk rage
 H - a potion of might
 U - a potion of ambrosia {unknown}
Miscellaneous
 J - a sack of spiders


   Skills:
 + Level 8.0 Fighting
 - Level 1.7 Maces & Flails
 + Level 12.9 Polearms
 + Level 6.0 Armour
 + Level 6.0 Shields
 * Level 11.0 Invocations


You had 11 spell levels left.
You didn't know any spells.
Your spell library contained the following spells:

 Spells                   Type           Power      Damage    Failure   Level
 Necrotise                Necr           0%         1d4       100%        1
 Slow                     Hex            0%         N/A       100%        1
 Lesser Beckoning         Tloc           0%         N/A       100%        2
 Confusing Touch          Hex            0%         N/A       100%        3
 Dazzling Flash           Conj/Hex       0%         N/A       100%        3
 Fugue of the Fallen      Necr           0%         N/A       100%        3
 Maxwell's Portable Pile  Tloc           0%         2d(5-13)  100%        3
 Ozocubu's Armour         Ice            0%         N/A       100%        3
 Teleport Other           Tloc           0%         N/A       100%        3
 Vampiric Draining        Necr           0%         2d6       100%        3
 Anguish                  Hex/Necr       0%         N/A       100%        4
 Martyr's Knell           Necr/Summ      0%         N/A       100%        4
 Summon Blazeheart Golem  Fire/Summ      0%         N/A       100%        4
 Curse of Agony           Necr           0%         N/A       100%        5
 Metabolic Englaciation   Hex/Ice        0%         N/A       100%        5
 Starburst                Conj/Fire      0%         6d3       100%        6
 Manifold Assault         Tloc           0%         N/A       100%        7
 Orb of Destruction       Conj           0%         9d5       100%        7
 Spellforged Servitor     Conj/Summ      0%         N/A       100%        7
 Fulsome Fusillade        Conj/Alch      0%         (3-5)d4   100%        8
 Fire Storm               Conj/Fire      0%         5d1       100%        9


Dungeon Overview and Level Annotations

Branches:
Dungeon (11/15)            Temple (0/1) D:6            Lair (1/5) D:10
    Orc (0/2) D:9         Ossuary (visited)          Bailey (visited)

Altars:
Makhleb
Nemelex Xobeh
Wu Jian
Yredelemnul
Beogh

Shops:
D:6 **=


Innate Abilities, Weirdness & Mutations

You have a somewhat thin skeletal structure. (Dex +2, Stealth+)
You regenerate health from kills.
You are partially covered in sharp spines.


Message History

The black mamba is almost dead.
You feel extremely sick.
The black mamba bites you but does no damage.
Your death yak zombie gores the black mamba but does no damage.
The black mamba bites you!
The cane toad stings you but does no damage.
You take 18 damage, and have 31/92 hp.
You impale the black mamba!!
You kill the black mamba!
Their soul becomes fuel for the torch.
You feel extremely sick. The cane toad is struck by your spines.
The cane toad stings you but does no damage.
Your Armour skill increases to level 6!
Your Invocations skill increases to level 11!
You take 5 damage, and have 26/92 hp.
You closely miss the cane toad.
The cane toad is lightly wounded.
You feel very sick. You block the cane toad's attack.
Your death yak zombie barely misses the cane toad.
The cane toad stings you but does no damage.
You take 4 damage, and have 22/92 hp.
You impale the cane toad!!
The cane toad is severely wounded.
You feel very sick.
A bullfrog comes into view.
Your death yak zombie barely misses the cane toad.
The cane toad stings you.
* * * LOW HITPOINT WARNING * * *
You are more poisoned.
The cane toad poisons you!
You take 6 damage, and have 16/92 hp.
You hit the cane toad.
The cane toad is almost dead.
* * * LOW HITPOINT WARNING * * *
You feel very sick. The cane toad is struck by your spines.
The cane toad stings you!
You die...
Your body rises from the dead as a mindless zombie.

#...###Z#### # ##.#
##.#### #.# #.....#
#.# ##.##### ## #.#
#...# .
###.##.####.## ...
...(...# #.# ###
..F..##...# ##.###P#
......Z@Z.# #..#...#
....FZF##.# #..#..##
.....###..# ##....#
...# ##.## #.#..# ##
##.P# #.#..######
#.###Z..###.#........
#....Z>.....#..######
#..##....#P.#.Z......
... ##........#######


You could see a cane toad (ally target), a blink frog (distracted), a bullfrog,
2 friendly death yak zombies and a friendly rime drake zombie.

Vanquished Creatures
  3 two-headed ogres
  A death yak (Lair:1)
  A black mamba (Lair:1)
  2 gargoyles
  A cane toad (Lair:1)
  An unseen horror (D:11)
  Jeremiah (D:8)
  A kobold demonologist (D:11)
  A rime drake (Lair:1)
  2 trolls
  2 vampires
  A wraith (D:11)
  6 yaks
  A wyvern (D:8)
  3 humans (D:9)
  A vampire mosquito (D:11)
  An acid dragon (D:8)
  2 water moccasins
  Duvessa (D:6)
  2 orc warriors
  2 sky beasts
  2 black bears
  An ogre (D:5)
  2 centaurs (D:11)
  2 phantoms
  An elf zombie (Ossuary)
  4 kobold brigands
  4 bullfrogs
  A gnoll sergeant (D:6)
  2 scorpions (D:7)
  2 wights (D:10)
  Dowan (D:6)
  4 killer bees (D:9)
  A howler monkey (D:11)
  An electric eel (D:11)
  4 vampire bats (Bailey)
  3 wolf zombies (Bailey)
  4 bombardier beetles
  2 hounds
  Crazy Yiuf (D:2)
  3 jellies
  An orc priest (D:8)
  A sleepcap (D:6)
  8 orc wizards
  4 iguanas
  A hound zombie (Ossuary)
  A mummy (Ossuary)
  5 gnolls
  3 adders
  2 shadow imps (D:6)
  A white imp (D:5)
  An ufetubus (D:6)
  A dart slug (D:1)
  A ribbon worm (D:2)
  22 orcs
  6 endoplasms
  8 giant cockroaches
  3 goblins (D:1)
  3 hobgoblins
  3 jackals (D:2)
  29 kobolds
  2 quokkas (D:1)
  10 ball pythons
  5 bats
  3 frilled lizards
  14 orc zombies (Bailey)
  2 rats
221 creatures vanquished.

Vanquished Creatures (collateral kills)
  A two-headed ogre (D:10)
  3 death yaks (Lair:1)
  A gargoyle (D:11)
  A kobold demonologist (D:11)
  2 yaks
  2 humans (D:9)
  2 acid dragons
  3 black bears
  A sky beast (D:8)
  An ice beast (D:5)
  An ogre (D:5)
  An elf zombie (Ossuary)
  A gnoll sergeant (D:9)
  A scorpion (D:5)
  2 burial acolytes (Ossuary)
  2 wights (D:10)
  2 killer bees (D:9)
  3 vampire bats (Bailey)
  An electric eel (D:11)
  A howler monkey (D:10)
  5 wolf zombies (Bailey)
  2 orc priests
  A gnoll bouda (D:4)
  2 sleepcaps (D:6)
  A mummy (Ossuary)
  6 gnolls
  2 adders
  An ufetubus (D:6)
  8 orcs
  A bat (D:2)
  2 endoplasms
  A kobold (D:8)
  4 frilled lizards
  A gnoll zombie (Ossuary)
  A kobold zombie (Ossuary)
  4 orc zombies (Bailey)
74 creatures vanquished.

Vanquished Creatures (others)
  A cane toad zombie (Lair:1)
  A water moccasin zombie (Lair:1)
  2 bullfrog zombies
  An ice beast zombie (D:5)
  A hound zombie (D:4)
  2 adder zombies
  2 iguana zombies
  A bat zombie (D:3)
  A ball python zombie (D:3)
  3 endoplasm zombies
  A frilled lizard zombie (D:3)
  2 gnoll zombies
  A kobold zombie (D:3)
  4 orc zombies
  2 spectral ufetubi (D:6)
25 creatures vanquished.

Grand Total: 320 creatures vanquished

Notes
Turn   | Place    | Note
-------+----------+-------------------------------------------
     0 | D:1      | jasper the Demonspawn Fighter began the quest for the Orb.
     0 | D:1      | Reached XP level 1. HP: 18/18 MP: 1/1
   166 | D:1      | Gained mutation: You are partially covered in sharp spines.
                  | [demonic ancestry]
   166 | D:1      | Reached XP level 2. HP: 24/24 MP: 2/2
   482 | D:1      | Got the Cyclopedia of Glamourous Outbursts
   698 | D:1      | Reached XP level 3. HP: 30/30 MP: 3/3
  1141 | D:2      | Found a basalt altar of Yredelemnul.
  1149 | D:2      | Became a worshipper of Yredelemnul the Fallen
  1236 | D:2      | Found a runed translucent door.
  1237 | D:2      | Noticed Crazy Yiuf
  1242 | D:2      | Killed Crazy Yiuf
  1243 | D:2      | Reached skill level 5 in Fighting
  1243 | D:2      | Reached XP level 4. HP: 39/39 MP: 4/4
  1728 | D:3      | Found an ornate altar of the Wu Jian Council.
  2058 | D:3      | Reached * piety under Yredelemnul
  2059 | D:3      | Reached skill level 1 in Polearms
  2171 | D:3      | Found a roughly hewn altar of Beogh.
  2183 | D:3      | Reached skill level 2 in Polearms
  2183 | D:3      | Gained mutation: You regenerate a little health from kills.
                  | [demonic ancestry]
  2183 | D:3      | Reached XP level 5. HP: 30/44 MP: 5/5
  2644 | D:4      | Reached skill level 3 in Polearms
  2772 | D:4      | Reached XP level 6. HP: 40/51 MP: 6/6
  2787 | D:4      | Reached skill level 4 in Polearms
  3331 | D:5      | Entered Level 5 of the Dungeon
  3427 | D:5      | Reached ** piety under Yredelemnul
  3477 | D:5      | Reached skill level 5 in Polearms
  3477 | D:5      | Reached XP level 7. HP: 52/56 MP: 7/7
  3604 | D:5      | Reached skill level 6 in Polearms
  3707 | D:5      | Found a burning altar of Makhleb.
  3761 | D:5      | Reached skill level 7 in Polearms
  4025 | D:5      | Reached XP level 8. HP: 41/62 MP: 8/8
  4380 | D:6      | Found Hehyinon's General Store.
  4391 | D:6      | Bought a scroll of identify for 20 gold pieces
  4433 | D:6      | Reached skill level 8 in Polearms
  4757 | D:6      | Found a sand-covered staircase.
  4775 | D:6      | Reached skill level 9 in Polearms
  4781 | Ossuary  | Entered an ossuary
  4781 | Ossuary  | Found a huge runed translucent gate.
  4781 | Ossuary  | Found a huge runed translucent gate.
  4781 | Ossuary  | Found a huge runed translucent gate.
  4781 | Ossuary  | Found a huge runed translucent gate.
  4781 | Ossuary  | Found a huge runed translucent gate.
  4781 | Ossuary  | Found a huge runed translucent gate.
  4781 | Ossuary  | Found a huge runed translucent gate.
  4781 | Ossuary  | Found a huge runed translucent gate.
  4857 | Ossuary  | Found a huge runed translucent gate.
  4857 | Ossuary  | Found a huge runed translucent gate.
  4857 | Ossuary  | Found a huge runed translucent gate.
  4858 | Ossuary  | Found a huge runed translucent gate.
  4858 | Ossuary  | Found a huge runed translucent gate.
  4860 | Ossuary  | Found a huge runed translucent gate.
  4860 | Ossuary  | Found a huge runed translucent gate.
  4863 | Ossuary  | Found a huge runed translucent gate.
  4863 | Ossuary  | Found a huge runed translucent gate.
  4863 | Ossuary  | Found a huge runed translucent gate.
  4863 | Ossuary  | Found a huge runed translucent gate.
  4863 | Ossuary  | Found a huge runed translucent gate.
  4864 | Ossuary  | Found a huge runed translucent gate.
  4864 | Ossuary  | Found a huge runed translucent gate.
  4866 | Ossuary  | Found a huge runed translucent gate.
  4866 | Ossuary  | Found a huge runed translucent gate.
  4867 | Ossuary  | Found a huge runed translucent gate.
  4867 | Ossuary  | Found a huge runed translucent gate.
  4868 | Ossuary  | Found a huge runed translucent gate.
  4868 | Ossuary  | Found a huge runed translucent gate.
  4869 | Ossuary  | Found a huge runed translucent gate.
  4869 | Ossuary  | Found a huge runed translucent gate.
  4871 | Ossuary  | Found a huge runed translucent gate.
  4871 | Ossuary  | Found a huge runed translucent gate.
  4871 | Ossuary  | Found a huge runed translucent gate.
  4871 | Ossuary  | Found a huge runed translucent gate.
  4873 | Ossuary  | Found a huge runed translucent gate.
  5113 | D:6      | Found a staircase to the Ecumenical Temple.
  5201 | D:6      | Found Kibbats's Jewellery Shop.
  5211 | D:6      | Bought a +4 ring of slaying for 468 gold pieces
  5287 | D:6      | Found Orghauc's Assorted Antiques.
  5292 | D:6      | Bought a scroll of teleportation for 66 gold pieces
  5292 | D:6      | Bought a scroll labelled RUXU SUNLI for 22 gold pieces
  5292 | D:6      | Bought a scroll labelled KUWIMI INWEACW for 22 gold pieces
  5292 | D:6      | Bought a potion of enlightenment for 110 gold pieces
  5317 | D:6      | Found a basalt altar of Yredelemnul.
  5320 | D:6      | Found a sparkling altar of Nemelex Xobeh.
  5534 | D:6      | Noticed Dowan
  5534 | D:6      | Noticed Duvessa
  5540 | D:6      | Killed Duvessa
  5541 | D:6      | Reached skill level 10 in Polearms
  5541 | D:6      | Gained mutation: You have a somewhat thin skeletal
                  | structure. (Dex +2, Stealth+) [demonic ancestry]
  5541 | D:6      | Reached XP level 9. HP: 66/68 MP: 9/9
  5543 | D:6      | Killed Dowan
  5594 | D:7      | Found a flagged portal.
  5603 | Bailey   | Entered a bailey
  5725 | Bailey   | Reached skill level 11 in Polearms
  5775 | Bailey   | Identified the +1 pair of gloves of Exceptional Wonder
                  | {Rampage ^Drain Will+ SInv}
  5869 | Bailey   | Noticed a gargoyle
  5882 | Bailey   | Killed a gargoyle
  5985 | Bailey   | Identified the amulet "Haub" {rF++ Regen+ Int+3}
  6173 | D:7      | Reached skill level 12 in Polearms
  6307 | D:7      | Reached skill level 1 in Invocations
  6799 | D:8      | Gained mutation: You regenerate health from kills. [demonic
                  | ancestry]
  6799 | D:8      | Reached XP level 10. HP: 73/74 MP: 10/12
  6842 | D:8      | Reached *** piety under Yredelemnul
  7086 | D:8      | Noticed Jeremiah
  7110 | D:8      | Killed Jeremiah
  7454 | D:9      | Reached skill level 5 in Invocations
  7480 | D:9      | Reached **** piety under Yredelemnul
  7885 | D:9      | Found a staircase to the Orcish Mines.
  8033 | D:10     | Entered Level 10 of the Dungeon
  8233 | D:10     | Noticed a two-headed ogre
  8234 | D:10     | Noticed a two-headed ogre
  8242 | D:10     | Killed a two-headed ogre
  8253 | D:10     | Killed a two-headed ogre
  8254 | D:10     | Reached XP level 11. HP: 60/83 MP: 16/16
  8350 | D:10     | Found a staircase to the Lair.
  8917 | D:11     | Reached skill level 5 in Shields
  8921 | D:11     | Reached skill level 5 in Armour
  8986 | D:11     | Noticed a two-headed ogre
  8992 | D:11     | Killed a two-headed ogre
  9127 | D:11     | Reached ***** piety under Yredelemnul
  9345 | D:11     | Noticed a two-headed ogre
  9351 | D:11     | Killed a two-headed ogre
  9744 | Lair:1   | Entered Level 1 of the Lair of Beasts
  9750 | Lair:1   | Reached skill level 10 in Invocations
  9758 | Lair:1   | Noticed a death yak
  9759 | Lair:1   | Noticed a death yak
  9762 | Lair:1   | Noticed a death yak
  9766 | Lair:1   | Noticed a death yak
  9768 | Lair:1   | Killed a death yak
  9779 | Lair:1   | Killed a death yak
  9780 | Lair:1   | Killed a death yak
  9782 | Lair:1   | Killed a death yak
  9783 | Lair:1   | Reached XP level 12. HP: 67/92 MP: 18/20
  9891 | Lair:1   | Slain by a cane toad

Illustrated notes

Levels and vault maps discovered:
D:1:      sevenhm_arrival_forest_fort_large_2, layout_loops_cross, serial_bayou,
          serial_bayou_pond_e, serial_bayou_lake_a, serial_bayou_pond_d,
          serial_bayou_pond_a, serial_bayou_ford_a, minmay_unequal
D:2:      layout_loops_ring, basic_altar, minmay_misc_feat_room,
          minmay_misc_feat_more_columns, serial_bayou_lagoon_a,
          uniq_crazy_yiuf_cottage
D:3:      layout_basic, mainiacjoe_overflow_boulevard, hangedman_decor_growths,
          minmay_misc_feat_hallway, kennysheep_orc_chapel
D:4:      layout_basic
D:5:      layout_basic, mainiacjoe_overflow_cross_hatched
D:6:      layout_gridville, nicolae_overflow_hidden_temple, temple_hall,
          serial_shops, nicolae_shop_hallway_plus, nicolae_shop_window_shopping,
          nicolae_lakefront_shop, enter_ossuary_3, uniq_duvessa
D:7:      layout_gridville, enter_bailey_6, bh_walls_and_bars
D:8:      layout_basic, uniq_jeremiah
D:9:      layout_basic, orc_0_dummy, minmay_ruffians
D:10:     layout_roguey, lair_entry_dummy
D:11:     layout_stronghold, chequers_big_river, minmay_quadrilaterals
Lair:1:   layout_loops_ring, kennysheep_snail_temple

Skill      XL: |  1  2  3  4  5  6  7  8  9 10 11 12 |
---------------+-------------------------------------+-----
Fighting       | 4 5 6 8 |  8.0
Polearms       | 2 3 5 7 10 12 | 12.9
Invocations    | 2 7 10 11 | 11.0
Armour         | 3 4 5 6 |  6.0
Shields        | 3 4 5 6 |  6.0
Maces & Flails | |  1.7

Action                     |  1- 3 |  4- 6 |  7- 9 | 10-12 || total
---------------------------+-------+-------+-------+-------++-------
  Melee: Flail             |    61 |    11 |       |       ||    72
         Trident           |       |    70 |    25 |   105 ||   200
         Spear             |       |    30 |   273 |   231 ||   534
  Throw: Javelin           |     1 |       |       |       ||     1
         Boomerang         |       |     1 |       |       ||     1
 Invoke: Light the Black T |     1 |     3 |     5 |     4 ||    13
  Evoke: Wand              |       |       |     8 |     2 ||    10
    Use: Potion            |     1 |     1 |     6 |     1 ||     9
         Scroll            |       |     6 |    11 |     3 ||    20
   Stab: Distracted        |       |     2 |     3 |     4 ||     9
         Paralysed         |       |       |    16 |       ||    16
         Invisible         |       |       |     1 |       ||     1
 Armour: Scale mail        |    49 |       |       |       ||    49
         Chain mail        |       |    52 |       |       ||    52
         Plate armour      |       |    16 |   227 |   239 ||   482
  Dodge: Dodged            |    19 |    30 |    43 |    60 ||   152
  Block: Buckler           |    11 |    19 |    44 |    74 ||   148

Table legend: (Time is in decaauts)
 A = Elapsed time spent in this place.
 B = Non-inter-level travel time spent in this place.
 C = Inter-level travel time spent in this place.
 D = Time resting spent in this place.
 E = Time spent auto-exploring this place.
 F = Levels seen in this place.
 G = Mean time per level.
                   A        B        C        D        E       F      G
               +--------+--------+--------+--------+--------+-----+--------+
         Total |   9763 |   9432 |    331 |     79 |   7182 |  14 |  697.4 |
       Dungeon |   9006 |   8675 |    331 |     58 |   6799 |  11 |  818.7 |
          Lair |    147 |    147 |      0 |      0 |     84 |   1 |  147.0 |
       Ossuary |    200 |    200 |      0 |      0 |    145 |   1 |  200.0 |
        Bailey |    409 |    409 |      0 |     21 |    153 |   1 |  409.0 |
               +--------+--------+--------+--------+--------+-----+--------+

Top non-repeatable levels by time:
    D:11: 1077 daAuts
     D:6: 1059 daAuts
     D:1: 989 daAuts
     D:5: 953 daAuts
     D:3: 953 daAuts
     D:4: 741 daAuts
     D:2: 727 daAuts
     D:8: 691 daAuts
     D:7: 650 daAuts
    D:10: 611 daAuts
     D:9: 550 daAuts
  Bailey: 409 daAuts
 Ossuary: 200 daAuts
  Lair:1: 147 daAuts
